 Dungeon Crawl Stone Soup version 0.28-a0-1415-g7c84da036a (webtiles) character file.

Game seed: 5446413500576573095

249 parzival7114810 the Covered (level 5, -5/47 HPs)
             Began as a Minotaur Fighter on Jan 7, 2022.
             Succumbed to a scorpion's poison
             ... on level 6 of the Dungeon.
             The game lasted 00:09:25 (1524 turns).

parzival7114810 the Covered (Minotaur Fighter)      Turns: 1524, Time: 00:09:26

Health: -5/47      AC: 10    Str: 21    XL:     5   Next: 87%
Magic:  0/4        EV:  9    Int: 11    God:
Gold:   52         SH:  4    Dex:  9    Spells: 4/4 levels left

rFire   . . .      SeeInvis .   a - +0 trident
rCold   . . .      Faith    .   c - +0 buckler
rNeg    . . .      Spirit   +   b - +0 scale mail
rPois   .          Reflect  .   (helmet restricted)
rElec   .          Harm     .   (no cloak)
rCorr   .          Rampage  .   (no gloves)
Will    .....                   g - +0 pair of boots
Stlth   ..........              l - amulet of guardian spirit
HPRegen 0.15/turn               (no ring)
MPRegen 0.09/turn               (no ring)

@: mighty, lethally poisoned (-5 -> -22), marked, slowed, very slow
A: horns 2, retaliatory headbutt, iridescent scales 1, clever 2
a: no special abilities


You were on level 6 of the Dungeon.
You visited 1 branch of the dungeon, and saw 6 of its levels.

You collected 52 gold pieces.

Inventory:

Hand Weapons
 a - a +0 trident (weapon)
Missiles
 e - 15 arrows
 h - 22 bolts
 j - 53 stones (quivered)
Armour
 b - a +0 scale mail (worn)
 c - a +0 buckler (worn)
 g - a +0 pair of boots (worn)
 k - a scarf of resistance
Jewellery
 f - an amulet of regeneration
 l - an amulet of guardian spirit (around neck)
Potions
 i - a potion of attraction


   Skills:
 + Level 4.4 Fighting
 + Level 5.0 Polearms
 + Level 5.2 Armour
 + Level 0.9 Dodging
 + Level 4.6 Shields


You had 4 spell levels left.
You didn't know any spells.
Your spell library was empty.

Dungeon Overview and Level Annotations

Branches:
Dungeon (6/15)
 Temple: D:4-7

Altars:

Shops:
D:3 (   D:4 :[


Innate Abilities, Weirdness & Mutations

You have a pair of horns on your head.
You reflexively headbutt those who attack you in melee.
You are partially covered in iridescent scales. (AC +2)
Your mind is very acute. (Int +4)


Message History

The wraith drains your vigour!
You feel as though you will be slow longer.
You puncture the wraith!
The wraith is almost destroyed.
A scorpion comes into view.
You block the wraith's attack.
You hit the wraith but do no damage.
The wraith is almost destroyed.
A scorpion comes into view.
You block the wraith's attack. The wraith hits you.
The wraith drains your vigour!
You feel as though you will be slow longer.
You barely miss the wraith.
The wraith is almost destroyed.
A bat comes into view. x4
You block the wraith's attack.
A bat comes into view.
You hit the wraith. Your headbutt misses the wraith.
The wraith is almost destroyed.
The wraith hits you! The wraith drains your vigour!
You feel as though you will be slow longer.
The wraith hits you but does no damage.
The scorpion stings you but does no damage.
You closely miss the wraith.
The wraith is almost destroyed.
The scorpion stings you!
* * * LOW HITPOINT WARNING * * *
You are lethally poisoned!
The scorpion poisons you! The wraith hits you.
* * * LOW HITPOINT WARNING * * *
The scorpion stings you.
* * * LOW HITPOINT WARNING * * *
You are more poisoned.
The scorpion poisons you!
A scorpion comes into view.
The wraith hits you.
* * * LOW HITPOINT WARNING * * *
Okay, then.
You feel very mighty all of a sudden.
You die...

#.#...##.#
#<#..s.# #
.#####.b#
......bs#
#######b#
#b# #b#
#######s#
....ZhW@#
.########


You could see a wraith, 3 scorpions, a hound, a killer bee zombie and 5 bats.

Vanquished Creatures
  A water moccasin (D:6)
  A centaur skeleton (D:3)
  An orc priest (D:4)
  An iguana (D:4)
  An orc wizard (D:4)
  An adder (D:2)
  An adder skeleton (D:4)
  A dart slug (D:4)
  7 orcs (D:4)
  2 endoplasms
  4 kobolds
  A quokka (D:4)
  2 ball pythons
  A bat (D:2)
  2 goblins (D:4)
  2 rats (D:2)
29 creatures vanquished.

Vanquished Creatures (others)
  2 fungi (D:6)
2 creatures vanquished.

Grand Total: 31 creatures vanquished

Notes
Turn   | Place    | Note
-------+----------+-------------------------------------------
     0 | D:1      | parzival7114810 the Minotaur Fighter began the quest for
                  | the Orb.
     0 | D:1      | Reached XP level 1. HP: 19/19 MP: 0/0
   332 | D:2      | Gained mutation: Your mind is acute. (Int +2) [potion of
                  | mutation]
   332 | D:2      | Gained mutation: You are partially covered in iridescent
                  | scales. (AC +2) [potion of mutation]
   332 | D:2      | Gained mutation: Your mind is very acute. (Int +4) [potion
                  | of mutation]
   377 | D:2      | Reached XP level 2. HP: 26/26 MP: 1/1
   509 | D:3      | Found Karphaqu's Antique Weapon Emporium.
   517 | D:3      | Reached XP level 3. HP: 33/33 MP: 2/2
   596 | D:4      | Reached XP level 4. HP: 7/40 MP: 3/3
   806 | D:4      | Reached XP level 5. HP: 32/46 MP: 4/4
  1006 | D:4      | Found Memigg's Armour Shoppe.
  1021 | D:4      | Found Heac's Book Shop.
  1426 | D:5      | Entered Level 5 of the Dungeon
  1500 | D:6      | Noticed a water moccasin
  1505 | D:6      | Killed a water moccasin
  1506 | D:6      | Reached skill level 5 in Polearms
  1506 | D:6      | Reached skill level 5 in Armour
  1511 | D:6      | Noticed a wraith
  1523 | D:6      | HP: 1/47 [wraith (3)]
  1524 | D:6      | Succumbed to a scorpion's poison

Illustrated notes

Levels and vault maps discovered:
D:1:      psy_arrival_whirlpool, layout_basic, minmay_misc_feat_room
D:2:      layout_loops_ring, nicolae_ecumenical_snake_handling
D:3:      layout_loops_ring, serial_shops, nicolae_shop_trees,
          nicolae_diamond_shop, nicolae_diamond_shop, shop,
          nicolae_shop_crystal, uniq_sigmund
D:4:      layout_basic, serial_shops, kennysheep_mini_moat,
          nicolae_shop_statue_plus, nicolae_stop_n_shop_1, chequers_arboretum
D:5:      layout_loops_corners, uniq_edmund
D:6:      old_forge, layout_basic, ebering_ghost_disaster_area,
          kennysheep_decorative_pillar, chequers_serial_rivers_small_a,
          nicolae_benzene_ring

Skill      XL: |  1  2  3  4  5 |
---------------+----------------+-----
Armour         | 4 5 |  5.2
Shields        | 4 |  4.6
Fighting       | 4 |  4.4
Polearms       | 3 4 5 |  5.0
Dodging        | |  0.9

Action                   |  1- 3 |  4- 6 || total
-------------------------+-------+-------++-------
Melee: Trident           |    34 |    50 ||    84
       Headbutt          |     1 |    12 ||    13
  Use: Potion            |     1 |     3 ||     4
       Scroll            |     1 |     2 ||     3
Armor: Scale mail        |    31 |    26 ||    57
Dodge: Dodged            |    32 |    16 ||    48
Block: Buckler           |    10 |     9 ||    19

Table legend: (Time is in decaauts)
 A = Elapsed time spent in this place.
 B = Non-inter-level travel time spent in this place.
 C = Inter-level travel time spent in this place.
 D = Time resting spent in this place.
 E = Time spent auto-exploring this place.
 F = Levels seen in this place.
 G = Mean time per level.
                   A        B        C        D        E       F      G
               +--------+--------+--------+--------+--------+-----+--------+
         Total |   1556 |   1545 |     11 |    408 |      0 |   6 |  259.3 |
       Dungeon |   1556 |   1545 |     11 |    408 |      0 |   6 |  259.3 |
               +--------+--------+--------+--------+--------+-----+--------+

Top non-repeatable levels by time:
     D:4: 866 daAuts
     D:1: 306 daAuts
     D:3: 145 daAuts
     D:2: 134 daAuts
     D:5: 60 daAuts
     D:6: 42 daAuts
